 Dungeon Crawl Stone Soup version 0.28.0-53-g5a82cb258f (webtiles) character file.

Game seed: 17656517607402663125

1584 safid the Cleaver (level 8, 0/59 HPs)
             Began as a Hill Orc Fighter on Aug 3, 2022.
             Was a Priest of Hepliaklqana.
             Slain by a wyvern zombie (15 damage)
             ... on level 6 of the Dungeon.
             The game lasted 00:07:50 (4995 turns).

safid the Cleaver (Hill Orc Fighter)                Turns: 4995, Time: 00:07:50

Health: 0/59       AC:  2    Str: 21    XL:     8   Next: 92%
Magic:  8/8        EV:  9    Int:  8    God:    Hepliaklqana [***...]
Gold:   148        SH:  4    Dex: 10    Spells: 7/7 levels left

rFire   . . .      SeeInvis .   a - +0 war axe
rCold   . . .      Faith    .   c - +0 buckler
rNeg    . . .      Spirit   .   b - +0 scale mail
rPois   .          Reflect  .   (no helmet)
rElec   .          Harm     .   n - +0 cloak
rCorr   .          Rampage  .   t - +0 pair of gloves
Will    .....                   j - +0 pair of boots
Stlth   ..........              (no amulet)
HPRegen 0.19/turn               (no ring)
MPRegen 0.11/turn               (no ring)

@: corroded
A: reduced essence
a: Renounce Religion, Recall Ancestor, Ancestor Identity, Transference


You were on level 6 of the Dungeon.
You worshipped Hepliaklqana.
Hepliaklqana was most pleased with you.
You visited 1 branch of the dungeon, and saw 6 of its levels.

You collected 228 gold pieces.
You spent 80 gold pieces at shops.

Inventory:

Hand Weapons
 a - a +0 war axe (weapon)
Missiles
 e - 10 poisoned darts (quivered)
Armour
 b - a +0 scale mail (worn)
 c - a +0 buckler (worn)
 j - a +0 pair of boots (worn)
 n - a +0 cloak (worn)
 t - a +0 pair of gloves (worn)
Wands
 r - a wand of flame (19)
 s - a wand of acid (8)
Scrolls
 f - 3 scrolls of noise {unknown}
 h - a scroll of enchant armour {unknown}
 i - 2 scrolls of enchant weapon {unknown}
 l - 2 scrolls of blinking {unknown}
 o - a scroll of identify {unknown}
 v - a scroll of amnesia {unknown}
Potions
 d - a potion of might
 g - a potion of haste {unknown}
 k - 3 potions of brilliance {unknown}
 m - a potion of degeneration {unknown}
 p - a potion of heal wounds
 q - 2 potions of curing
 u - a potion of magic {unknown}


   Skills:
 - Level 4.0 Fighting
 + Level 13.6 Axes
 - Level 4.0 Armour
 - Level 4.0 Shields


You had 7 spell levels left.
You didn't know any spells.
Your spell library contained the following spells:

 Spells                   Type           Power      Damage    Failure   Level
 Magic Dart               Conj           0%         1d3       83%         1
 Searing Ray              Conj           0%         2d4       92%         2
 Gell's Gravitas          Tloc           0%         N/A       99%         3
 Lesser Beckoning         Tloc           0%         N/A       99%         3
 Teleport Other           Tloc           0%         N/A       99%         3
 Fulminant Prism          Conj/Hex       0%         3d6       100%        4


Dungeon Overview and Level Annotations

Branches:
Dungeon (6/15)             Temple (0/1) D:4

Altars:
Ashenzari
Hepliaklqana
Nemelex Xobeh

Shops:
D:2 [   D:4 ([(!


Message History

The orc is severely wounded.
The orc barely misses you.
You hit the orc but do no damage.
The orc is severely wounded.
You block the orc's attack.
You hit the orc but do no damage.
The orc is severely wounded.
The orc hits you with a +0 mace.
Unknown command.
You hit the orc but do no damage.
The orc is severely wounded.
The orc wizard gestures wildly while chanting.
The orc wizard flickers and vanishes!
Deactivating autopickup; reactivate with Ctrl-A.
The orc hits you with a +0 mace.
Unknown command.
You closely miss the orc.
The orc is severely wounded.
Unknown command.
You closely miss the orc.
The orc is severely wounded.
You block the orc's attack.
Unknown command.
You hit the orc.
You kill the orc!
You barely miss something. You hit something but do no damage.
Something hits you.
You slash something! Something hits you but does no damage.
You hit something but do no damage. Something hits you but does no damage.
You barely miss something. Something hits you.
You barely miss something.
You hear some strange, mumbled words.
A puff of flame appears from out of thin air!
The puff of flame hits you!
* * * LOW HITPOINT WARNING * * *
You hit something.
Reactivating autopickup.
You feel a bit more experienced. The wyvern zombie bites you!
You die...

#..<..#........
#.#...#.###.###
.........#.#.#
###.###.#.....#
.....#.[.#.#.#
...######.#.##.####.#
#.....<.......#≈≈#.#
##################.#≈.#.#
#....).Z@..........#.P#..
#.###############..####..
#### ###


You could see a wyvern zombie.

Vanquished Creatures
  Pikel (D:4)
  2 ogres (D:5)
  A centaur zombie (D:5)
  2 hounds (D:5)
  A centaur skeleton (D:5)
  An iguana (D:5)
  An orc wizard (D:6)
  A hound skeleton (D:4)
  2 adders
  An ufetubus (D:5)
  3 dart slugs
  9 orcs
  6 endoplasms
  A giant cockroach (D:2)
  3 goblins
  7 hobgoblins
  13 jackals
  2 quokkas
  5 ball pythons
  A bat (D:1)
  3 frilled lizards
  3 kobolds (D:1)
  5 rats
74 creatures vanquished.

Vanquished Creatures (collateral kills)
  A sky beast (D:3)
  A black bear (D:5)
  An ogre (D:5)
  A scorpion (D:4)
  A centaur zombie (D:5)
  3 orc priests
  3 hounds
  2 orc wizards (D:3)
  A scorpion zombie (D:5)
  A hound skeleton (D:4)
  3 adders
  2 worms
  7 orcs
  5 ball pythons
  3 bats
  An endoplasm (D:3)
  A hobgoblin (D:3)
  A jackal (D:4)
  3 kobolds
  3 rats
44 creatures vanquished.

Vanquished Creatures (others)
  2 battlemagi
  10 fungi (D:6)
12 creatures vanquished.

Grand Total: 130 creatures vanquished

Notes
Turn   | Place    | Note
-------+----------+-------------------------------------------
     0 | D:1      | safid the Hill Orc Fighter began the quest for the Orb.
     0 | D:1      | Reached XP level 1. HP: 19/19 MP: 1/1
   171 | D:1      | Reached skill level 3 in Axes
   171 | D:1      | Reached XP level 2. HP: 25/27 MP: 2/2
   502 | D:1      | Found a faded altar of an unknown god.
   583 | D:1      | Prayed at the altar of an unknown god.
   583 | D:1      | Became a worshipper of Hepliaklqana the Forgotten
   583 | D:1      | Reached * piety under Hepliaklqana
  1190 | D:2      | Reached XP level 3. HP: 28/29 MP: 3/3
  1445 | D:2      | Found Usovepn's Armour Shop.
  1456 | D:2      | Reached ** piety under Hepliaklqana
  1457 | D:2      | Remembered your ancestor Khenut as a battlemage
  1518 | D:2      | Found a broken altar of Ashenzari.
  1889 | D:2      | Reached XP level 4. HP: 27/36 MP: 4/4
  2445 | D:3      | Reached skill level 4 in Axes
  2604 | D:3      | Reached skill level 5 in Axes
  2611 | D:3      | Reached XP level 5. HP: 39/41 MP: 5/5
  2768 | D:3      | Found a sparkling altar of Nemelex Xobeh.
  2812 | D:3      | Reached skill level 6 in Axes
  3054 | D:3      | Noticed a sky beast
  3058 | D:3      | Killed a sky beast
  3059 | D:3      | Reached skill level 7 in Axes
  3059 | D:3      | Reached XP level 6. HP: 46/46 MP: 6/6
  3332 | D:4      | Found a staircase to the Ecumenical Temple.
  3403 | D:4      | Reached skill level 8 in Axes
  3434 | D:4      | Noticed Pikel
  3448 | D:4      | Killed Pikel
  3449 | D:4      | Reached skill level 10 in Axes
  3449 | D:4      | Reached XP level 7. HP: 24/53 MP: 7/7
  3463 | D:4      | Found Xorhoim's Weapon Shop.
  3465 | D:4      | Reached *** piety under Hepliaklqana
  3721 | D:4      | Reached XP level 8. HP: 59/59 MP: 8/8
  3753 | D:4      | Reached skill level 11 in Axes
  3767 | D:4      | Found Uriqeekhli's Distillery.
  3772 | D:4      | Bought a potion of heal wounds for 50 gold pieces
  3772 | D:4      | Bought a potion of curing for 30 gold pieces
  3896 | D:4      | Found Xulaosy's Armour Shoppe.
  3966 | D:4      | Found Tenoapin's Weapon Shop.
  4087 | D:5      | Entered Level 5 of the Dungeon
  4365 | D:5      | Reached skill level 12 in Axes
  4526 | D:5      | Reached skill level 13 in Axes
  4834 | D:5      | Identified the +2 robe of the Six Bounties {Slay+2}
  4995 | D:6      | Slain by a wyvern zombie

Illustrated notes

Levels and vault maps discovered:
D:1:      kennysheep_arrival_seaside, layout_basic,
          hellmonk_ecumenical_altar_inner_sanctum
D:2:      minmay_door_path, layout_loops_corners, serial_shops, shop,
          basic_altar
D:3:      layout_loops_ring, nemelex_xobeh_ov_fountains_minmay
D:4:      layout_loops_ring, minmay_temple_entry_proselytizer, serial_shops,
          shop, kennysheep_mini_moat, nicolae_shop_crystal, shop, uniq_pikel
D:5:      minmay_diamond_boxcup, layout_basic, corexii_hall_statues_s
D:6:      layout_basic, serial_aquarium, aquarium_bridge_square
          [aquarium_subvault_bridge, aquarium_subvault_bridge,
          aquarium_subvault_wall, aquarium_subvault_window],
          aquarium_window_fake, aquarium_window_3, aquarium_view_2b,
          aquarium_view_2e, aquarium_balcony_3b, aquarium_pool_2, serial_shops,
          nicolae_shop_temple_entry_statues_fountains, kennysheep_diamond

Skill      XL: |  1  2  3  4  5  6  7  8 |
---------------+-------------------------+-----
Axes           | 3 5 7 10 13 | 13.6
Fighting       | 4 |  4.0
Armour         | 4 |  4.0
Shields        | 4 |  4.0

Action                   |  1- 3 |  4- 6 |  7- 9 || total
-------------------------+-------+-------+-------++-------
Melee: War axe           |    97 |    81 |    96 ||   274
Invok: Ancestor Life: Ba |     1 |       |       ||     1
Armor: Scale mail        |    55 |    37 |    40 ||   132
Dodge: Dodged            |    50 |    36 |    32 ||   118
Block: Buckler           |    23 |     8 |    22 ||    53
